 Dungeon Crawl Stone Soup version 0.29-a0-813-g4a14ea37d6 (webtiles) character file.

Game seed: 1473960224214204283

7 LynnLen the Sneak (level 1, -1/10 HPs)
             Began as a Vampire Enchanter on July 4, 2022.
             Slain by a kobold
             ... wielding a +1 dagger of venom
              (2 damage)
             ... on level 1 of the Dungeon.
             The game lasted 00:02:10 (663 turns).

LynnLen the Sneak (Vampire Enchanter)                Turns: 663, Time: 00:02:11

Health: -1/10      AC:  3    Str:  7    XL:     1   Next: 91%
Magic:  3/3        EV: 11    Int: 17    God:
Gold:   42         SH:  0    Dex: 14    Spells: 4/4 levels left

rFire   . . .      SeeInvis +   a - +1 dagger
rCold   + + .      Faith    .   (no shield)
rNeg    + + +      Spirit   .   m - +0 leather armour
rPois   ∞          Reflect  .   (no helmet)
rElec   .          Harm     .   (no cloak)
rCorr   .          Rampage  .   (no gloves)
Will    .....                   (no boots)
Stlth   +++++.....              (no amulet)
HPRegen 0.00/turn               (no ring)
MPRegen 0.08/turn               (no ring)

@: bloodless, inhibited regen
A: bloodless, fangs 3, see invisible, vampiric 1
a: Revivify


You were on level 1 of the Dungeon.
You visited 1 branch of the dungeon, and saw 1 of its levels.

You collected 42 gold pieces.

Inventory:

Hand Weapons
 a - a +1 dagger (weapon)
Armour
 b - a +0 robe
 m - a +0 leather armour (worn)
Jewellery
 d - a ring of positive energy
Scrolls
 e - 2 scrolls of identify {unknown}
 f - a scroll of blinking {unknown}
 h - a scroll of poison {unknown}
 l - 2 scrolls of teleportation {unknown}
Potions
 c - 2 potions of invisibility
 g - a potion of lignification {unknown}
 i - a potion of attraction {unknown}
 j - a potion of curing {unknown}
 k - a potion of brilliance {unknown}
 n - a potion of might {unknown}


   Skills:
 + Level 1.1 Short Blades
 * Level 2.2 Dodging
 * Level 5.0 Stealth
 + Level 2.0 Spellcasting
 + Level 4.6 Hexes


You had 4 spell levels left.
You didn't know any spells.
Your spell library contained the following spells:

 Spells                   Type           Power      Damage    Failure   Level
 Confusing Touch          Hex            17%        N/A       13%         3
 Tukima's Dance           Hex            17%        N/A       13%         3
 Ensorcelled Hibernation  Hex/Ice        18%        N/A       17%         2
 Apportation              Tloc           2%         N/A       28%         1
 Dazzling Flash           Conj/Hex       18%        N/A       34%         3
 Alistair's Intoxication  Tmut/Pois      0%         N/A       100%        5


Dungeon Overview and Level Annotations

Branches:
Dungeon (1/15)

Altars:

Shops:
D:1 (


Innate Abilities, Weirdness & Mutations

You do not regenerate when monsters are visible.
You are frail without blood (-20% HP).
You can heal yourself when you bite living creatures.
You are immune to poison.
You have razor-sharp teeth.
You have supernaturally acute eyesight. (SInv)
You are afflicted with vampirism.


Message History

Found a yellow potion and a sling.
Found Digoq's Weapon Emporium.
A bat comes into view.
There is an open door here.
The bat barely misses you.
You hit the bat.
You kill the bat!
n - a yellow potion
There is an entrance to Digoq's Weapon Emporium here.
You can access your shopping list by pressing '$'.
Found a stone staircase leading down.
A goblin comes into view. It is wielding a +0 club.
A rat, a kobold and a hobgoblin come into view.
The kobold shouts!
A kobold comes into view. It is wielding a +1 dagger of venom.
A rat comes into view.
The kobold throws a stone.
The stone barely misses you.
The kobold throws a stone.
The stone hits you.
There is a stone staircase leading down here.
The kobold shouts!
You hit the kobold.
You kill the kobold!
The goblin completely misses you. The kobold hits you but does no damage.
You hit the rat.
The rat is moderately wounded.
The goblin hits you with a +0 club. The kobold hits you but does no damage.
The rat bites you but does no damage.
You hit the rat.
You kill the rat!
The kobold hits you with a +1 dagger of venom.
The goblin hits you with a +0 club.
Your Stealth skill increases to level 5!
The kobold attacks as you move away! The kobold hits you but does no damage.
The goblin attacks as you move away! The goblin hits you but does no damage.
You barely miss the kobold.
The kobold hits you with a +1 dagger of venom.
* * * LOW HITPOINT WARNING * * *
You hit the kobold.
The kobold is heavily wounded.
The kobold hits you with a +1 dagger of venom.
You die...

#................
........#
######.#..###.###
........# #....# #.#
.......###### #.##.###..
......r....###+##..##...
##.#.#.#...#.......##....
#..........#.......##.###
##.#.#.#...#..†.....#.#
#.>..)gK@# #......#.#
##.#.#.### #......#...
#.......# #......##..#
##.#.#.## ##......##..#
#......# #......... .#
###......# #..........
###........# #.#####....
#..........####.#### ....
#....#.............# ..


You could see a goblin, a kobold and a rat.

Vanquished Creatures
  2 endoplasms (D:1)
  A kobold (D:1)
  A ball python (D:1)
  A bat (D:1)
  3 rats (D:1)
8 creatures vanquished.

Notes
Turn   | Place    | Note
-------+----------+-------------------------------------------
     0 | D:1      | LynnLen the Vampire Enchanter began the quest for the Orb.
     0 | D:1      | Reached XP level 1. HP: 13/13 MP: 3/3
   621 | D:1      | Found Digoq's Weapon Emporium.
   661 | D:1      | Reached skill level 5 in Stealth
   663 | D:1      | Slain by a kobold

Illustrated notes

Levels and vault maps discovered:
D:1:      dpeg_arrival_stonehenge_8_columns, layout_basic, serial_shops,
          nicolae_shop_stone, shop, st_stairs_8, hangedman_decor_growths

Skill      XL: |  1 |
---------------+----+-----
Stealth        | 5 |  5.0
Short Blades   | |  1.1
Dodging        | |  2.2
Spellcasting   | |  2.0
Hexes          | |  4.6

Action                   || total
-------------------------++-------
Melee: Dagger            ||    14
 Abil: Exsanguinate      ||     1
 Stab: Sleeping          ||     3
Armor: Leather armour    ||     5
Dodge: Dodged            ||     6

Table legend: (Time is in decaauts)
 A = Elapsed time spent in this place.
 B = Non-inter-level travel time spent in this place.
 C = Inter-level travel time spent in this place.
 D = Time resting spent in this place.
 E = Time spent auto-exploring this place.
 F = Levels seen in this place.
 G = Mean time per level.
                   A        B        C        D        E       F      G
               +--------+--------+--------+--------+--------+-----+--------+
         Total |    662 |    662 |      0 |    359 |    113 |   1 |  662.0 |
       Dungeon |    662 |    662 |      0 |    359 |    113 |   1 |  662.0 |
               +--------+--------+--------+--------+--------+-----+--------+

Top non-repeatable levels by time:
     D:1: 662 daAuts
